 Dungeon Crawl Stone Soup version 0.25.1-2-g60ff931df9 (webtiles) character file.

Game seed: 5726501406247076683

58 Curus the Slasher (level 3, 0/31 HPs)
             Began as a Minotaur Abyssal Knight on Nov 1, 2020.
             Was a Follower of Lugonu.
             Succumbed to an adder's poison
             ... on level 2 of the Dungeon.
             The game lasted 00:06:11 (1044 turns).

Curus the Slasher (Minotaur Abyssal Knight)         Turns: 1044, Time: 00:06:12

Health: 0/31       AC:  8    Str: 16    XL:     3   Next: 76%
Magic:  4/4        EV:  4    Int:  9    God:    Lugonu [*.....]
Gold:   38         SH:  7    Dex: 10    Spells: 2/2 levels left

rFire    . . .     SeeInvis .   a - +1 falchion
rCold    . . .     Gourm    .   f - +0 kite shield
rNeg     . . .     Faith    .   i - +0 chain mail
rPois    .         Spirit   .   (helmet restricted)
rElec    .         Reflect  .   (no cloak)
rCorr    .         Harm     .   (no gloves)
MR       .....                  (no boots)
Stlth    ..........             (no amulet)
HPRegen  0.10/turn              e - ring of wizardry
MPRegen  0.09/turn              (no ring)

@: brilliant, lethally poisoned (0 -> -2)
A: retaliatory headbutt, horns 2
a: Depart the Abyss, Renounce Religion


You were on level 2 of the Dungeon.
You worshipped Lugonu.
Lugonu was aware of your devotion.
You were hungry.

You visited 1 branch of the dungeon, and saw 2 of its levels.
You visited the Abyss 1 time.

You collected 38 gold pieces.

Inventory:

Hand Weapons
 a - a +1 falchion (weapon)
Armour
 b - a +0 leather armour
 f - a +0 kite shield (worn)
 i - a +0 chain mail (worn)
Jewellery
 e - a ring of wizardry (left hand)
Scrolls
 d - 2 scrolls of fog
 g - 2 scrolls of teleportation
Comestibles
 c - 6 rations
 h - 7 chunks of flesh


   Skills:
 - Level 3.6 Fighting
 + Level 3.9 Long Blades
 - Level 2.4 Armour
 - Level 1.1 Dodging
 + Level 3.1 Invocations


You had 2 spell levels left.
You didn't know any spells.
Your spell library was empty.

Dungeon Overview and Level Annotations

Branches:
Dungeon (2/15)

Altars:


Innate Abilities, Weirdness & Mutations

You reflexively headbutt those who attack you in melee.
You have a pair of horns on your head.


Message History

You are feeling hungry.
* * * LOW HITPOINT WARNING * * *
You feel sick.
A giant cockroach comes into view.
The giant cockroach bites you but does no damage.
Your chain mail prevents you from hitting the giant cockroach.
* * * LOW HITPOINT WARNING * * *
You feel sick.
The giant cockroach bites you but does no damage.
You hit the giant cockroach.
The giant cockroach is severely wounded.
You block the giant cockroach's attack.
Your chain mail prevents you from hitting the giant cockroach.
The giant cockroach is severely wounded.
The giant cockroach completely misses you.
You block the giant cockroach's attack.
You closely miss the giant cockroach. You headbutt the giant cockroach.
You kill the giant cockroach!
Lugonu accepts your kill.
You die...

****,**,,,,,,,,,,,,,**
*,,,,,,,.,,,,,,,,*,
******,.,.,,,,,,,,,
*.#..,,,,,,,*.
###########....,>,,,,,,.
##.....#.....#..,,,,,,,,.
##...............,,,,***##
#.........†......,,,,*,,.#
#........@.......,,,,*,,(#
#....(..........#,,,,***##
#...............#***,,,,..
#................,,,,,,_..
#...............#****,,,..
##.............## ****..
##.....#.....## **,..
############# *,,##
*******,**#


There were no monsters in sight!

Vanquished Creatures
  2 adders (D:2)
  An ufetubus (Abyss:1)
  2 dart slugs
  2 giant cockroaches
  A goblin (D:1)
  6 hobgoblins
  4 kobolds
  8 bats
  2 frilled lizards (D:2)
  3 rats (D:1)
31 creatures vanquished.

Notes
Turn   | Place    | Note
-------+----------+-------------------------------------------
     0 | Abyss:1  | Curus the Minotaur Abyssal Knight began the quest for the
                  | Orb.
     0 | Abyss:1  | Reached XP level 1. HP: 19/19 MP: 1/1
    37 | Abyss:1  | Noticed a small abomination
   106 | Abyss:1  | Noticed an ancient zyme
   121 | D:1      | Escaped the Abyss
   294 | D:1      | Reached XP level 2. HP: 25/26 MP: 2/2
   330 | D:1      | Reached * piety under Lugonu
   815 | D:1      | Reached XP level 3. HP: 29/31 MP: 4/4
   989 | D:2      | Noticed a +0 dagger
   990 | D:2      | Noticed a +0 dagger
  1037 | D:2      | HP: 1/31 [poisoned by an adder]
  1044 | D:2      | Succumbed to an adder's poison

Illustrated notes

Levels and vault maps discovered:
D:1:      dpeg_arrival_pond, layout_loops_ring, hangedman_decor_slide_cut
D:2:      layout_rooms, dancing_weapons_uskayaw, fedhas_altar_1,
          kennysheep_generic_room_10

Skill      XL: |  1  2  3 |
---------------+----------+-----
Invocations    | 2 3 |  3.1
Long Blades    | 3 |  3.9
Fighting       | |  3.6
Armour         | |  2.4
Dodging        | |  1.1

Action                   || total
-------------------------++-------
Melee: Falchion          ||    78
       Headbutt          ||    11
Invok: Depart the Abyss  ||     1
  Use: Scroll            ||     9
       Potion            ||     2
Armor: Leather armour    ||    15
       Chain mail        ||    36
Dodge: Dodged            ||    21
Block: Kite shield       ||    34
       Rpst.: Falchion   ||     6
